 Dungeon Crawl Stone Soup version 0.29.0-5-ge4962eb29e (webtiles) character file.

Game seed: 16510140157476869426

3437 Arcadio the Prestidigitator (level 9, -3/82 HPs)
             Began as a Pale Draconian Artificer on Aug 29, 2022.
             Was a Follower of the Shining One.
             Killed by divine providence
             ... invoked by an orc priest
              (8 damage)
             ... on level 6 of the Dungeon.
             The game lasted 00:30:51 (9084 turns).

Arcadio the Prestidigitator (DrAr)                  Turns: 9084, Time: 00:30:54

Health: -3/82      AC:  8    Str: 19    XL:     9   Next: 77%
Magic:  9/9        EV: 14    Int: 12    God:    the Shining One [*.....]
Gold:   367        SH:  0    Dex: 11    Spells: 8/8 levels left

rFire   + . .      SeeInvis .   m - +2 flail (holy)
rCold   x . .      Faith    .   (no shield)
rNeg    . . .      Spirit   .   (body armour unavailable)
rPois   .          Reflect  .   (helmet restricted)
rElec   .          Harm     .   (no cloak)
rCorr   .          Rampage  .   e - +0 pair of gloves
Will    .....                   (no boots)
Stlth   +.........              (no amulet)
HPRegen 0.23/turn               x - ring of fire
MPRegen 0.11/turn               (no ring)

@: lethally poisoned (-3 -> -12), glowing
A: breathe steam, AC +7, unfitting armour, cold-blooded, steam resistance
a: Breathe Steam, Renounce Religion, Divine Shield


You were on level 6 of the Dungeon.
You worshipped the Shining One.
The Shining One was aware of your devotion.
You visited 2 branches of the dungeon, and saw 7 of its levels.

You collected 367 gold pieces.

Inventory:

Hand Weapons
 a - a +2 sling of flaming
 b - a +2 whip of holy wrath
 g - a +0 mace
 m - a +2 flail of holy wrath (weapon)
 C - a +0 club
Missiles
 n - 3 throwing nets
Armour
 e - a +0 pair of gloves (worn)
 u - a +0 tower shield
Jewellery
 k - the ring of Orthodoxy {rElec rC++ SInv}
   (You found it on level 5 of the Dungeon)

   [ring of see invisible]

   rC:        It greatly protects you from cold.
   rElec:     It insulates you from electricity.
   SInv:      It lets you see invisible.
 x - a ring of fire (left hand)
 B - a ring of protection from cold
Wands
 c - a wand of charming (13)
 d - a wand of iceblast (1)
 q - a wand of roots (12)
 s - a wand of polymorph (11)
 H - a wand of quicksilver (11)
Scrolls
 i - a scroll of fear {unknown}
 j - 5 scrolls of teleportation {unknown}
 l - a scroll of noise {unknown}
 o - 2 scrolls of fog {unknown}
 p - 3 scrolls of vulnerability {unknown}
 r - 3 scrolls of torment {unknown}
 y - a scroll of amnesia {unknown}
 A - a scroll of identify
 E - a scroll of blinking {unknown}
 F - 2 scrolls of poison {unknown}
Potions
 f - 3 potions of flight
 h - a potion of brilliance
 t - a potion of ambrosia
 v - a potion of degeneration
 w - a potion of curing
 z - a potion of mutation {unknown}
 D - 2 potions of attraction {unknown}
 G - a potion of lignification {unknown}
 I - a potion of haste {unknown}


   Skills:
 + Level 8.9 Fighting
 + Level 7.7 Dodging
 - Level 0.8 Stealth
 + Level 9.4 Evocations


You had 8 spell levels left.
You didn't know any spells.
Your spell library contained the following spells:

 Spells                   Type           Power      Damage    Failure   Level
 Magic Dart               Conj           0%         1d3       32%         1
 Sandblast                Erth           0%         2d4       32%         1
 Passwall                 Tmut/Erth      0%         N/A       45%         2
 Searing Ray              Conj           0%         2d4       45%         2
 Static Discharge         Conj/Air       0%         3-3/arc   45%         2
 Ozocubu's Armour         Ice            0%         N/A       69%         3
 Portal Projectile        Hex/Tloc       0%         N/A       69%         3
 Stone Arrow              Conj/Erth      0%         3d7       69%         3
 Tukima's Dance           Hex            0%         N/A       69%         3
 Airstrike                Air            0%         2d(0-16)  97%         4
 Anguish                  Hex/Necr       0%         N/A       97%         4
 Fulminant Prism          Conj/Hex       0%         3d6       97%         4
 Summon Lightning Spire   Summ/Air       0%         N/A       97%         4
 Blade Hands              Tmut           0%         N/A       100%        5
 Lightning Bolt           Conj/Air       0%         1d11      100%        5
 Enfeeble                 Hex            0%         N/A       100%        7
 Ozocubu's Refrigeration  Ice            0%         4d7       100%        7
 Maxwell's Capacitive Co  Air            0%         ∞         100%        8


Dungeon Overview and Level Annotations

Branches:
Dungeon (6/15) Zot: 24602  Temple (1/1) D:5 Zot: 5956

Altars:
Cheibriados
Elyvilon
Fedhas
Gozag
Hepliaklqana
Kikubaaqudgha
Nemelex Xobeh
Okawaru
Qazlal
Ru
Trog
Uskayaw
Vehumet
Wu Jian
Xom
Yredelemnul
Zin
The Shining One


Innate Abilities, Weirdness & Mutations

You can breathe blasts of scalding, opaque steam.
Your pale cyan-grey scales are hard. (AC +7)
You cannot fit into any form of body armour.
You are cold-blooded and may be slowed by cold attacks.
You are immune to the effects of steam.


Message History

The gnoll sergeant hits you with a +2 spear of venom.
You are more poisoned.
You hit the gnoll sergeant but do no damage.
Your tail-slap misses the gnoll sergeant.
You feel extremely sick.
The gnoll sergeant hits you but does no damage.
You are more poisoned.
You feel very sick.
The orc priest calls down the wrath of Beogh upon you.
Beogh smites you!
You hear a shout!
You feel very sick.
The gnoll sergeant hits you from afar with a +2 spear of venom.
You are more poisoned.
You feel extremely sick.
You see here a +1 whip of freezing.
You feel very sick.
You see here a +0 club.
Okay, then.
You feel much better.
You feel very sick.
The gnoll sergeant hits you but does no damage.
You are more poisoned.
You feel very sick.
The orc priest mumbles some strange prayers to Beogh against you.
Beogh smites you!
* * * LOW HITPOINT WARNING * * *
Okay, then.
Unknown command.
It was a potion of curing.
You feel better.
The gnoll sergeant hits you from afar with a +2 spear of venom!
* * * LOW HITPOINT WARNING * * *
You are poisoned.
You feel very sick.
The orc priest calls down the wrath of Beogh upon you.
Beogh smites you!
* * * LOW HITPOINT WARNING * * *
The orc priest mumbles some strange prayers to Beogh against you.
Beogh smites you!
You die...

≈#####~~≈~~ ≈~≈~...)~~~~~~~~
≈≈≈≈≈≈≈~~~≈ ≈≈≈~..o.≈~≈≈≈≈≈≈
~≈≈~~~~≈~≈~ ~≈~....~≈~~~~~~
P....(.... .......o.......
......# #..)# ......# ##..##
###...# ##.o# # ###.#
########.o.### #.#
##.)@.)go.#.>.# ##
#.#######..#...####.#.####### .#
#.##.))).)##...# #.#.......#
.####.#..#######...####.#.......#
...##<#)## #...#..[.........#
##......#########....##.#.......#
...................####.#########
####..#...####..#.## #.#
###..####..###.#..# #.#


You could see a gnoll sergeant and 2 orc priests.

Vanquished Creatures
  Pikel (D:6)
  Edmund (D:5)
  Menkaure (D:4)
  2 water moccasins (D:5)
  3 orc warriors (D:6)
  An ice beast (D:5)
  A sky beast (D:6)
  3 black bears
  2 centaurs
  An ogre (D:6)
  A phantom (D:5)
  2 lemures (D:6)
  A kobold brigand (D:6)
  A bullfrog (D:6)
  2 gnoll sergeants (D:6)
  A necrophage (D:6)
  A scorpion (D:6)
  3 howler monkeys
  7 hounds
  3 orc priests
  Terence (D:2)
  3 iguanas
  5 orc wizards
  21 gnolls
  5 adders
  A white imp (D:5)
  2 worms
  A dart slug (D:4)
  12 orcs
  3 ball pythons (D:2)
  8 endoplasms
  3 giant cockroaches
  5 goblins
  5 hobgoblins
  3 jackals (D:1)
  7 kobolds
  5 quokkas
  5 bats
  4 frilled lizards
  4 rats
141 creatures vanquished.

Vanquished Creatures (collateral kills)
  2 orc priests
  2 orcs
4 creatures vanquished.

Vanquished Creatures (others)
  A yak (D:5)
  A plant (D:6)
2 creatures vanquished.

Grand Total: 147 creatures vanquished

Notes
Turn   | Place    | Note
-------+----------+-------------------------------------------
     0 | D:1      | Arcadio the Draconian Artificer began the quest for the
                  | Orb.
     0 | D:1      | Reached XP level 1. HP: 16/16 MP: 1/1
    22 | D:1      | Noticed an electric eel
   366 | D:1      | Reached XP level 2. HP: 19/23 MP: 2/2
  1182 | D:2      | Found a faded altar of an unknown god.
  1194 | D:2      | Prayed at the altar of an unknown god.
  1194 | D:2      | Became a worshipper of the Shining One
  1194 | D:2      | Reached * piety under the Shining One
  1253 | D:2      | Noticed Terence
  1262 | D:2      | The Shining One protects you from harm!
  1264 | D:2      | Killed Terence
  1265 | D:2      | Reached XP level 3. HP: 3/30 MP: 3/3
  1821 | D:2      | Reached XP level 4. HP: 37/37 MP: 4/4
  2501 | D:3      | Reached skill level 4 in Evocations
  2501 | D:3      | Reached XP level 5. HP: 45/45 MP: 5/5
  2674 | D:3      | Noticed a black bear
  2691 | D:3      | Killed a black bear
  2692 | D:3      | Reached XP level 6. HP: 52/52 MP: 6/6
  2988 | D:3      | Found a white marble altar of Elyvilon.
  3166 | D:3      | Found a faded altar of an unknown god.
  3171 | D:3      | Found a snail-covered altar of Cheibriados.
  3374 | D:4      | Noticed Menkaure
  3381 | D:4      | Killed Menkaure
  3382 | D:4      | Reached skill level 5 in Evocations
  3648 | D:4      | Your scales start taking on a pale cyan-grey colour.
  3648 | D:4      | Reached XP level 7. HP: 37/60 MP: 7/7
  3648 | D:4      | Gained mutation: You are immune to the effects of steam.
                  | [Pale Draconian growth]
  4954 | D:5      | Entered Level 5 of the Dungeon
  4955 | D:5      | Found a staircase to the Ecumenical Temple.
  4972 | Temple   | Entered the Ecumenical Temple
  5076 | D:5      | Reached skill level 5 in Fighting
  5079 | D:5      | Reached skill level 6 in Evocations
  5569 | D:5      | Identified the ring of Orthodoxy {rElec rC++ SInv}
  5570 | D:5      | Reached skill level 5 in Dodging
  5615 | D:5      | Noticed a yak
  5677 | D:5      | Reached XP level 8. HP: 32/70 MP: 8/8
  6283 | D:5      | Reached skill level 7 in Evocations
  6729 | D:6      | Noticed Edmund
  7776 | D:6      | Reached ** piety under the Shining One
  7910 | D:5      | Reached skill level 8 in Evocations
  7926 | D:5      | Killed Edmund
  7927 | D:5      | Reached XP level 9. HP: 42/79 MP: 4/9
  8525 | D:6      | Found a blossoming altar of Fedhas.
  8600 | D:6      | Noticed Pikel
  8625 | D:6      | Killed Pikel
  8626 | D:6      | Reached skill level 9 in Evocations
  9084 | D:6      | Killed from afar by an orc priest

Illustrated notes

Levels and vault maps discovered:
D:1:      arrival_aquarium_a, layout_basic
D:2:      layout_loops_ring, dreamdust_ecumenical_altar_hidden_monk_grotto,
          due_unseen_surprise, uniq_terence
D:3:      layout_basic, nicolae_overflow_ecumenical_swirl, elyvilon_altar_3
D:4:      nicolae_cairo_tiling_large, layout_cave_pools, uniq_menkaure
D:5:      layout_loops_ring, minmay_temple_entry_glass,
          hangedman_decor_clover_reticule, glass_columns_b, minmay_starry_boxes,
          uniq_crazy_yiuf_cottage
D:6:      lemuel_castle_with_subvaults [lemuel_castle_interior_carwin_3],
          layout_rooms, fedhas_altar_2, uniq_pikel, uniq_edmund
Temple:   nicolae_temple_ecumenical_triangle

Skill      XL: |  1  2  3  4  5  6  7  8  9 |
---------------+----------------------------+-----
Fighting       | 2 3 4 6 7 8 |  8.9
Dodging        | 3 4 5 6 7 |  7.7
Evocations     | 4 5 6 8 9 |  9.4
Stealth        | |  0.8

Action                   |  1- 3 |  4- 6 |  7- 9 || total
-------------------------+-------+-------+-------++-------
Melee: Club              |    12 |       |       ||    12
       Mace              |    83 |     4 |       ||    87
       Tailslap          |     9 |    19 |    41 ||    69
       Whip              |       |   113 |   209 ||   322
       Punch             |       |     3 |     5 ||     8
       Flail             |       |       |    46 ||    46
 Fire: Sling             |       |       |    21 ||    21
Invok: Divine Shield     |       |     1 |     7 ||     8
 Abil: Breathe Steam     |       |       |    26 ||    26
Evoke: Wand              |     4 |     3 |    15 ||    22
  Use: Scroll            |     3 |     2 |       ||     5
       Potion            |       |       |     4 ||     4
Armor: Skin              |    44 |    38 |    84 ||   166
Dodge: Dodged            |    77 |    81 |   257 ||   415
Block: Other             |       |       |    18 ||    18
